 Dungeon Crawl Stone Soup version 0.20-b1-2-gc5a9893 (webtiles) character file.

1737 Jawreze the Slinger (level 9, -1/48 HPs)
             Began as a Kobold Hunter on May 21, 2017.
             Was an Initiate of Nemelex Xobeh.
             Slain by a killer bee (2 damage)
             ... on level 7 of the Dungeon.
             The game lasted 00:22:22 (8139 turns).

Jawreze the Slinger (Kobold Hunter)                 Turns: 8139, Time: 00:22:23

Health: -1/48      AC:  5    Str: 15    XL:     9   Next: 26%
Magic:  9/9        EV: 15    Int: 15    God:    Nemelex Xobeh [......]
Gold:   335        SH:  0    Dex: 15    Spells: 8/8 levels left

rFire    . . .     SeeInvis .   j - +2 short sword (speed)
rCold    . . .     Gourm    .   (shield restricted)
rNeg     + . .     Faith    .   D - +2 leather armour of Apathy {*Drain rN+ Regen+ Str+5}
rPois    .         Spirit   .   (no helmet)
rElec    .         Reflect  .   (no cloak)
rCorr    .         Harm     .   (no gloves)
MR       .....                  (no boots)
Stlth    ++........             (no amulet)
Regen    0.6/turn               (no ring)
MPRegen  0.2/turn               (no ring)

@: lethally poisoned (-1 -> -2)
A: carnivore 3
a: Renounce Religion


You were on level 7 of the Dungeon.
You worshipped Nemelex Xobeh.
Nemelex Xobeh was noncommittal.
You were very full.

You visited 2 branches of the dungeon, and saw 9 of its levels.

You collected 431 gold pieces.
You spent 96 gold pieces at shops.

Inventory:

Hand Weapons
 a - a +1 hand crossbow
 g - a +0 hunting sling
 j - a +2 short sword of speed (weapon)
 x - a +0 blowgun
Missiles
 d - 43 bolts
 h - 222 stones (quivered)
 l - 82 sling bullets
 y - 41 poisoned needles
Armour
 c - a +0 leather armour
 D - the +2 leather armour of Apathy (worn) {*Drain rN+ Regen+ Str+5}
   (You found it on level 5 of the Dungeon)

   It affects your strength (+5).
   It protects you from negative energy.
   It increases your rate of regeneration.
   It causes draining when unequipped.
Jewellery
 b - a +2 ring of dexterity {unknown}
 w - an uncursed amulet of the gourmand {unknown}
 A - an uncursed ring of magical power {unknown}
 C - an uncursed ring of protection from magic {unknown}
 E - an uncursed ring of resist corrosion {unknown}
Scrolls
 i - a scroll of remove curse
 k - a scroll of recharging {unknown}
 m - 2 scrolls of teleportation {unknown}
 n - 7 scrolls of identify
 o - a scroll of noise {unknown}
 p - a scroll of fear {unknown}
 s - a scroll of immolation {unknown}
 u - a scroll of magic mapping {unknown}
 F - a scroll of vulnerability {unknown}
 J - a scroll of amnesia {unknown}
Potions
 e - a potion of flight
 r - 4 potions of curing
 t - a potion of agility
 z - 2 potions of invisibility
 G - a potion of brilliance {unknown}
 H - a potion of heal wounds
 K - 3 potions of haste
 L - 2 potions of lignification {unknown}
Books
 v - a book of Callings

   Spells                             Type                      Level
   a - Summon Small Mammal            Summoning                    1
   b - Call Imp                       Summoning                    2
   c - Call Canine Familiar           Summoning                    3
   d - Summon Guardian Golem          Hexes/Summoning              3
   e - Summon Lightning Spire         Summoning/Air                4
   f - Summon Ice Beast               Ice/Summoning                4
Miscellaneous
 B - a lamp of fire (inert)
 I - a plain deck of escape
Comestibles
 f - 4 meat rations
 q - 3 royal jellies


   Skills:
 - Level 2.1 Fighting
 + Level 10.4 Slings
 - Level 6.7 Crossbows
 - Level 2.4 Dodging
 - Level 1.3 Stealth


You had 8 spell levels left.
You didn't know any spells.

Dungeon Overview and Level Annotations

Branches:
Dungeon (8/15)             Temple (1/1) D:7
   Lair: D:8-11

Altars:
Cheibriados
Hepliaklqana
Kikubaaqudgha
Makhleb
Nemelex Xobeh
Okawaru
Qazlal
Uskayaw
The Shining One

Shops:
D:6 !

Annotations:
D:4 1 runed door


Innate Abilities, Weirdness & Mutations

You are small and have problems with some larger weapons.
You are carnivorous and can eat meat at any time.


Message History

The killer bee poisons you!
The killer bee stings you but does no damage.
You miss the killer bee.
The killer bee is moderately wounded.
You feel sick. The killer bee barely misses you.
You barely miss the killer bee.
The killer bee is moderately wounded.
You feel sick. The killer bee stings you.
* * * LOW HITPOINT WARNING * * *
You miss the killer bee.
The killer bee is moderately wounded.
The killer bee stings you!
* * * LOW HITPOINT WARNING * * *
The killer bee stings you but does no damage.
You barely miss the killer bee.
The killer bee is moderately wounded.
* * * LOW HITPOINT WARNING * * *
You feel sick. The killer bee misses you. The killer bee stings you.
You die...
Your body disappears without a glow.

#.# #..# #.####.# #####.#
##.# #....#.### #.....#
#.# ####.#.... #.#####
#.# #.##### #.# #.#
#...... #.# #.# #######
#.# #.#
#.##########.##########
#......y@.............#
####################..###
#..... #..... ######


You could see a killer bee.

Vanquished Creatures
  Prince Ribbit (D:6)
  An ice beast (D:6)
  A black bear (D:6)
  A phantom (D:4)
  A centaur (D:7)
  A bullfrog (D:7)
  A wyvern zombie (D:7)
  A scorpion (D:4)
  3 jellies
  2 howler monkeys (D:6)
  A centaur zombie (D:7)
  2 crimson imps (D:5)
  A bullfrog zombie (D:7)
  6 hounds
  2 orc wizards
  A gnoll shaman (D:4)
  Terence (D:3)
  An iguana (D:4)
  6 worker ants
  A worker ant zombie (D:7)
  5 gnolls
  8 adders
  A shadow imp (D:7)
  An ooze (D:3)
  4 worms
  A dart slug (D:3)
  7 leopard geckos
  7 orcs
  5 bats
  8 giant cockroaches
  8 goblins
  2 hobgoblins (D:3)
  7 jackals
  10 quokkas
  8 frilled lizards
  A jackal skeleton (D:4)
  7 kobolds
  A leopard gecko skeleton (D:4)
  A quokka zombie (D:6)
  2 rats
129 creatures vanquished.

Notes
Turn   | Place    | Note
-------+----------+-------------------------------------------
     0 | D:1      | Jawreze the Kobold Hunter began the quest for the Orb.
     0 | D:1      | Reached XP level 1. HP: 12/12 MP: 1/1
   102 | D:1      | Reached skill level 5 in Crossbows
   170 | D:1      | Reached XP level 2. HP: 17/17 MP: 2/2
   794 | D:2      | Reached XP level 3. HP: 21/21 MP: 3/3
  1327 | D:3      | Found a hazy altar of Hepliaklqana.
  1437 | D:3      | Reached XP level 4. HP: 26/26 MP: 4/4
  1608 | D:3      | Found an iron altar of Okawaru.
  1822 | D:3      | Reached skill level 1 in Slings
  2196 | D:3      | Noticed Terence
  2262 | D:3      | Killed Terence
  2262 | D:3      | Reached skill level 2 in Slings
  2262 | D:3      | Reached XP level 5. HP: 16/30 MP: 5/5
  2744 | D:4      | Reached skill level 3 in Slings
  2744 | D:4      | Reached XP level 6. HP: 9/35 MP: 6/6
  3153 | D:4      | Reached skill level 4 in Slings
  3497 | D:4      | Found an ancient bone altar of Kikubaaqudgha.
  3498 | D:4      | Noticed a phantom
  3576 | D:4      | Killed a phantom
  3576 | D:4      | Reached skill level 5 in Slings
  3576 | D:4      | Reached XP level 7. HP: 25/40 MP: 7/7
  4123 | D:4      | Reached skill level 6 in Slings
  5424 | D:4      | Found a runed door.
  5477 | D:5      | Entered Level 5 of the Dungeon
  5542 | D:5      | Got a smoking leather armour
  5553 | D:5      | Identified the +2 leather armour of Apathy {*Drain rN+ Regen+ Str+5} (You found it on level 5 of the Dungeon)
  5962 | D:5      | Reached skill level 7 in Slings
  5962 | D:5      | Reached XP level 8. HP: 44/44 MP: 8/8
  6182 | D:6      | Found Bohuefi's Distillery.
  6185 | D:6      | Bought a potion of heal wounds for 60 gold pieces
  6185 | D:6      | Bought a potion of curing for 36 gold pieces
  6418 | D:6      | Noticed Prince Ribbit
  6517 | D:6      | Reached skill level 8 in Slings
  6611 | D:6      | Killed Prince Ribbit
  6816 | D:6      | Reached skill level 9 in Slings
  7176 | D:7      | Reached XP level 9. HP: 25/48 MP: 9/9
  7450 | D:7      | Reached skill level 10 in Slings
  7593 | D:7      | Found a staircase to the Ecumenical Temple.
  7659 | Temple   | Entered the Ecumenical Temple
  7671 | Temple   | Became a worshipper of Nemelex Xobeh the Trickster
  8101 | D:8      | Received a gift from Nemelex Xobeh
  8138 | D:7      | HP: 2/48 [killer bee (9)]
  8139 | D:7      | Slain by a killer bee

Skill      XL: |  1  2  3  4  5  6  7  8  9 |
---------------+----------------------------+-----
Crossbows      | 5 6 |  6.7
Slings         | 2 3 5 7 9 10 | 10.4
Fighting       | |  2.1
Dodging        | |  2.4
Stealth        | |  1.3

Action                   |  1- 3 |  4- 6 |  7- 9 || total
-------------------------+-------+-------+-------++-------
Melee: Short sword       |    15 |    75 |   371 ||   461
 Fire: Hand crossbow     |    45 |     2 |     7 ||    54
       Hunting sling     |       |    87 |   109 ||   196
       Blowgun           |       |    12 |    17 ||    29
Evoke: Lamp of fire      |       |       |     1 ||     1
  Use: Scroll            |       |     2 |     1 ||     3
       Potion            |       |     5 |     3 ||     8
 Stab: Invisible         |       |     6 |     1 ||     7
       Distracted        |       |       |     1 ||     1
       Sleeping          |       |       |     1 ||     1
  Eat: Chunk             |     9 |     6 |    15 ||    30
Armor: Leather armour    |     4 |    21 |    57 ||    82
Dodge: Dodged            |     5 |    90 |   230 ||   325
